[Event "42nd Olympiad Baku 2016 Open"]
[Site "Baku"]
[Date "2016.09.06"]
[Round "5.28"]
[White "Esen, Baris"]
[Black "Bilguun, Sumiya"]
[Result "1/2-1/2"]
[ECO "D45"]
[WhiteElo "2524"]
[BlackElo "2444"]
[Annotator ""]
[PlyCount "68"]
[EventDate "2016.??.??"]
[EventType "team-tourn"]
[EventCountry "AZE"]
[SourceTitle "playchess.com"]
[Source "ChessBase"]
[WhiteTeam "Turkey"]
[BlackTeam "Mongolia"]
[WhiteTeamCountry "TUR"]
[BlackTeamCountry "MGL"]
[TimeControl "40/5400+30:1800+30"]

1. d4 {(00:00)} d5 {(00:00)} 2. c4 {(00:00)} e6 {(
00:00)} 3. Nf3 {(00:00)} c6 {(00:00)} 4. e3 {(00:04)} Nf6
{(00:31)} 5. Nc3 {(00:11)} Nbd7 {(00:48)} 6. Qc2 {(
00:15)} Bd6 {(05:36)} 7. Bd3 {(00:31)} O-O {(02:27)} 8.
O-O {(00:08)} dxc4 {(07:36)} 9. Bxc4 {(01:16)} e5 {
(01:46)} 10. Bb3 {(11:13)} Qe7 {(05:27)} 11. h3 {(
00:28)} a6 {(08:52)} 12. Bd2 {(03:45)} c5 {(03:31)} 13. a4
{(25:29)} b6 {(11:53)} 14. Nd5 {(03:29)} Nxd5 {(01:
19)} 15. Bxd5 {(00:07)} Rb8 {(01:34)} 16. Bc3 {(08:27)}
Bb7 {(24:08)} 17. Bxb7 {(09:00)} Rxb7 {(00:03)} 18. dxe5 {
(02:21)} Nxe5 {(02:22)} 19. Qe4 {(00:15)} Ng6 {(04:
03)} 20. Qf5 {(03:41)} Rd7 {(03:54)} 21. g3 {(10:02)} Rfd8
{(04:23)} 22. h4 {(01:00)} Bc7 {(01:37)} 23. Qg4 {(
02:14)} Ne5 {(02:05)} 24. Nxe5 {(02:37)} Bxe5 {(00:07)}
25. Qc4 {(00:29)} b5 {(02:41)} 26. axb5 {(04:38)} axb5 {
(00:05)} 27. Qe4 {(00:27)} Bxc3 {(00:50)} 28. Qxe7 {
(00:05)} Rxe7 {(00:05)} 29. bxc3 {(00:03)} Rb7 {(
03:09)} 30. Ra5 {(02:44)} Rc8 {(00:38)} 31. Rb1 {(03:13)}
b4 {(00:25)} 32. cxb4 {(02:23)} cxb4 {(00:08)} 33. Rb3 {
(00:11)} g6 {(00:20)} 34. Rd5 {(00:09)} Rcb8 {(02:
23)} 1/2-1/2

[Event "42nd Olympiad Baku 2016 Open"]
[Site "Baku"]
[Date "2016.09.06"]
[Round "5.1"]
[White "Fancy, Stuart"]
[Black "Saraci, Nderim"]
[Result "0-1"]
[ECO "B27"]
[WhiteElo "1995"]
[BlackElo "2337"]
[Annotator ""]
[PlyCount "36"]
[EventDate "2016.??.??"]
[EventType "team-tourn"]
[EventCountry "AZE"]
[SourceTitle "playchess.com"]
[Source "ChessBase"]
[WhiteTeam "Papua New Guinea"]
[BlackTeam "Kosovo"]
[WhiteTeamCountry "PNG"]
[BlackTeamCountry "KOS"]
[TimeControl "40/5400+30:1800+30"]

1. e4 {(00:00)} c5 {(00:03)} 2. Nf3 {(00:00)} g6 {(
00:18)} 3. d4 {(01:43)} cxd4 {(00:07)} 4. Qxd4 {(00:20)}
Nf6 {(00:29)} 5. e5 {(00:42)} Nc6 {(00:14)} 6. Qa4 {
(02:23)} Nd5 {(04:38)} 7. Qe4 {(01:46)} Nc7 {(03:
47)} 8. Nc3 {(07:37)} Bg7 {(00:52)} 9. Bc4 {(02:40)} O-O {
(01:54)} 10. h4 {(04:05)} d5 {(01:26)} 11. exd6 {(
08:39)} exd6 {(02:44)} 12. Bg5 {(01:15)} Bxc3+ {(03:12)}
13. bxc3 {(00:23)} Re8 {(00:36)} 14. Qxe8+ {(05:01)} Qxe8+
{(00:13)} 15. Kd2 {(00:23)} Ne5 {(03:16)} 16. Nxe5 {
(03:30)} dxe5 {(04:04)} 17. h5 {(00:39)} Be6 {(06:
12)} 18. hxg6 {(01:15)} fxg6 {(05:23)} 0-1

[Event "42nd Olympiad Baku 2016 Open"]
[Site "Baku"]
[Date "2016.09.06"]
[Round "5.6"]
[White "Farazi, Khaiber"]
[Black "Meftahi, Houssem"]
[Result "0-1"]
[ECO "B22"]
[WhiteElo "2097"]
[BlackElo "2119"]
[Annotator ""]
[PlyCount "90"]
[EventDate "2016.??.??"]
[EventType "team-tourn"]
[EventCountry "AZE"]
[SourceTitle "playchess.com"]
[Source "ChessBase"]
[WhiteTeam "Afghanistan"]
[BlackTeam "Tunisia"]
[WhiteTeamCountry "AFG"]
[BlackTeamCountry "TUN"]
[TimeControl "40/5400+30:1800+30"]

1. e4 {(00:00)} c5 {(00:00)} 2. c3 {(00:00)} d5 {(
00:00)} 3. exd5 {(00:04)} Qxd5 {(00:00)} 4. d4 {(00:10)}
Bf5 {(00:32)} 5. Be3 {(03:16)} cxd4 {(02:48)} 6. cxd4 {
(00:41)} Bxb1 {(00:27)} 7. Qa4+ {(04:02)} Nc6 {(00:
34)} 8. Rxb1 {(00:52)} e5 {(24:41)} 9. Bc4 {(26:03)} Qxg2
{(03:48)} 10. d5 {(02:35)} Bb4+ {(03:54)} 11. Ke2 {
(15:22)} Qg4+ {(02:08)} 12. Kd3 {(01:35)} Nf6 {(06:
01)} 13. f3 {(10:00)} Qf5+ {(02:46)} 14. Ke2 {(03:36)}
Qxb1 {(00:03)} 15. dxc6 {(08:13)} Qxb2+ {(01:23)} 16. Kf1
{(01:25)} O-O {(00:22)} 17. cxb7 {(00:30)} Rad8 {(
03:05)} 18. Ne2 {(01:13)} Bd2 {(03:39)} 19. Bxd2 {(02:36)}
Qxd2 {(02:00)} 20. Qxa7 {(01:48)} e4 {(00:34)} 21. Qa3 {
(03:43)} Nd5 {(04:20)} 22. Kf2 {(03:17)} e3+ {(11:
09)} 23. Kg3 {(00:32)} Qc2 {(00:43)} 24. Rc1 {(04:04)}
Qg6+ {(00:40)} 25. Kh3 {(00:08)} Qh6+ {(01:32)} 26. Kg3 {
(01:29)} Qg5+ {(01:00)} 27. Kh3 {(00:26)} Nf4+ {(
00:38)} 28. Nxf4 {(00:17)} Qxf4 {(00:02)} 29. Be2 {(02:35]
} Rd6 {(01:06)} 30. Kg2 {(00:34)} Rb6 {(09:47)} 31. Qe7 {
(02:31)} Qb4 {(05:14)} 32. Qxb4 {(01:00)} Rxb4 {(
00:05)} 33. Rc7 {(00:27)} Rb2 {(00:32)} 34. Kf1 {(00:36)}
Rxa2 {(00:33)} 35. Bb5 {(00:20)} Rb2 {(01:03)} 36. Bd7 {
(00:43)} g6 {(01:41)} 37. h4 {(00:29)} Kg7 {(00:05]
} 38. Be6 {(00:14)} Kf6 {(00:34)} 39. Bd5 {(00:10)} Rd8 {
(01:04)} 40. Rc5 {(00:00)} Ke5 {(00:00)} 41. Bxf7+ {
(02:47)} Kf4 {(02:16)} 42. Bd5 {(00:38)} Rxd5 {(00:
50)} 43. Rxd5 {(00:16)} Kxf3 {(00:09)} 44. Ke1 {(02:47)}
Rxb7 {(00:11)} 45. Rd1 {(00:07)} Rb4 {(00:08)} 0-1

[Event "42nd Olympiad Baku 2016 Open"]
[Site "Baku"]
[Date "2016.09.06"]
[Round "5.15"]
[White "Fernandes, Antonio"]
[Black "Nezad, Husein Aziz"]
[Result "1-0"]
[ECO "C77"]
[WhiteElo "2413"]
[BlackElo "2427"]
[Annotator ""]
[PlyCount "103"]
[EventDate "2016.??.??"]
[EventType "team-tourn"]
[EventCountry "AZE"]
[SourceTitle "playchess.com"]
[Source "ChessBase"]
[WhiteTeam "Portugal"]
[BlackTeam "Qatar"]
[WhiteTeamCountry "POR"]
[BlackTeamCountry "QAT"]
[TimeControl "40/5400+30:1800+30"]

1. e4 {(00:00)} e5 {(00:00)} 2. Nf3 {(00:00)} Nc6 {
(00:00)} 3. Bb5 {(00:00)} a6 {(00:08)} 4. Ba4 {(00:
03)} Nf6 {(00:07)} 5. d4 {(00:29)} exd4 {(00:49)} 6. O-O {
(01:00)} Be7 {(01:39)} 7. Re1 {(01:46)} b5 {(04:48]
} 8. Bb3 {(02:06)} d6 {(00:07)} 9. Bd5 {(00:45)} Nxd5 {
(00:06)} 10. exd5 {(00:03)} Ne5 {(00:07)} 11. Nxd4 {
(10:02)} O-O {(00:44)} 12. a4 {(16:24)} b4 {(18:03]
} 13. f4 {(03:59)} Ng6 {(00:59)} 14. Nc6 {(11:03)} Qd7 {
(03:02)} 15. Nxb4 {(01:22)} a5 {(16:16)} 16. Nd3 {(
14:02)} Bb7 {(02:01)} 17. Nc3 {(00:19)} Bh4 {(05:03)} 18.
Re2 {(03:55)} Bf6 {(05:15)} 19. Ne4 {(25:06)} Bd4+ {
(02:27)} 20. Ndf2 {(00:01)} Ba7 {(04:24)} 21. Be3 {
(00:05)} Bxe3 {(01:59)} 22. Rxe3 {(00:02)} Nxf4 {(
00:30)} 23. c4 {(00:01)} c6 {(10:18)} 24. Qd4 {(00:37)}
Ng6 {(04:22)} 25. c5 {(00:50)} cxd5 {(01:45)} 26. Nxd6 {
(00:02)} Bc6 {(00:58)} 27. h4 {(03:32)} Rab8 {(03:
58)} 28. Nd3 {(00:07)} h5 {(02:15)} 29. Rg3 {(01:20)} Rfe8
{(10:59)} 30. Nxe8 {(03:39)} Qxe8 {(00:01)} 31. Re1 {
(00:33)} Qd8 {(00:01)} 32. Ne5 {(00:47)} Qe7 {(02:
10)} 33. Ree3 {(00:48)} Qf6 {(00:33)} 34. Rgf3 {(00:39)}
Qe6 {(00:00)} 35. Nxg6 {(01:32)} Qxg6 {(00:01)} 36. Rg3 {
(00:28)} Qh6 {(01:32)} 37. Qe5 {(00:25)} Rb4 38. Qe7 {
(00:37)} d4 {(01:01)} 39. Re5 {(00:19)} d3 {(00:08]
} 40. Reg5 {(00:00)} Rg4 {(00:00)} 41. Qd8+ {(05:59)} Kh7
{(01:01)} 42. R3xg4 {(12:20)} hxg4 {(00:20)} 43. Qxd3+ {
(00:02)} g6 {(02:26)} 44. Qc4 {(02:00)} Qf8 {(01:
22)} 45. h5 {(00:46)} Qe7 {(00:57)} 46. hxg6+ {(00:22)}
fxg6 {(00:06)} 47. Qxg4 {(00:15)} Qf6 {(00:51)} 48. b3 {
(01:52)} Kh6 {(01:09)} 49. Qh4+ {(00:03)} Kg7 {(00:
05)} 50. Qg3 {(00:12)} Kh6 {(03:38)} 51. Qe5 {(00:12)} Qd8
{(01:32)} 52. Rg3 {(00:23)} 1-0

[Event "42nd Olympiad Baku 2016 Open"]
[Site "Baku"]
[Date "2016.09.06"]
[Round "5.13"]
[White "Ferreira, Jorge Viterbo"]
[Black "Al-Modiahki, Mohamad"]
[Result "1/2-1/2"]
[ECO "B38"]
[WhiteElo "2511"]
[BlackElo "2550"]
[Annotator ""]
[PlyCount "50"]
[EventDate "2016.??.??"]
[EventType "team-tourn"]
[EventCountry "AZE"]
[SourceTitle "playchess.com"]
[Source "ChessBase"]
[WhiteTeam "Portugal"]
[BlackTeam "Qatar"]
[WhiteTeamCountry "POR"]
[BlackTeamCountry "QAT"]
[TimeControl "40/5400+30:1800+30"]

1. e4 {(00:00)} c5 {(00:00)} 2. Nf3 {(00:00)} Nc6 {
(00:00)} 3. d4 {(00:06)} cxd4 {(00:00)} 4. Nxd4 {(
00:12)} g6 {(00:00)} 5. c4 {(00:38)} Bg7 {(00:00)} 6. Be3
{(01:08)} Nf6 {(00:37)} 7. Nc3 {(00:23)} d6 {(06:
57)} 8. Be2 {(01:57)} Nxd4 {(01:31)} 9. Bxd4 {(00:24)} O-O
{(00:02)} 10. O-O {(02:22)} Bd7 {(00:29)} 11. f3 {(
04:17)} Bc6 {(00:54)} 12. b4 {(05:49)} Nh5 {(14:21)} 13.
Bxg7 {(14:06)} Nxg7 {(02:50)} 14. Kh1 {(08:41)} b6 {
(04:31)} 15. Qd2 {(07:16)} Rc8 {(04:53)} 16. Rac1 {
(07:57)} f5 {(02:07)} 17. exf5 {(06:21)} Nxf5 {(03:
57)} 18. Bd3 {(03:26)} Qd7 {(09:30)} 19. Rce1 {(11:05)} e6
{(19:14)} 20. Ne2 {(02:49)} e5 {(02:02)} 21. Rd1 {(
03:50)} Rfd8 {(10:16)} 22. Ng3 {(04:27)} Nd4 {(03:10)} 23.
Ne2 {(02:36)} Nf5 {(04:39)} 24. Ng3 {(00:34)} Nd4 {
(00:27)} 25. Ne2 {(00:12)} Nf5 {(00:24)} 1/2-1/2

[Event "42nd Olympiad Baku 2016 Open"]
[Site "Baku"]
[Date "2016.09.06"]
[Round "5.20"]
[White "Firouzja, Alireza"]
[Black "Petrik, Tomas"]
[Result "1-0"]
[ECO "C15"]
[WhiteElo "2463"]
[BlackElo "2464"]
[Annotator ""]
[PlyCount "81"]
[EventDate "2016.??.??"]
[EventType "team-tourn"]
[EventCountry "AZE"]
[SourceTitle "playchess.com"]
[Source "ChessBase"]
[WhiteTeam "Iran"]
[BlackTeam "Slovakia"]
[WhiteTeamCountry "IRI"]
[BlackTeamCountry "SVK"]
[TimeControl "40/5400+30:1800+30"]

1. e4 {(00:00)} e6 {(00:00)} 2. d4 {(00:00)} d5 {(
00:00)} 3. Nc3 {(00:04)} Bb4 {(00:43)} 4. a3 {(02:11)}
Bxc3+ {(03:18)} 5. bxc3 {(00:08)} Ne7 {(00:33)} 6. Bd3 {
(03:55)} c5 {(06:42)} 7. exd5 {(08:01)} exd5 {(01:
40)} 8. dxc5 {(02:22)} Nd7 {(18:26)} 9. Be3 {(11:28)} O-O
{(01:14)} 10. Bd4 {(28:04)} Re8 {(10:35)} 11. Ne2 {
(05:54)} Qc7 {(06:50)} 12. Bb5 {(04:51)} a6 {(06:
40)} 13. Ba4 {(01:55)} Qa5 {(23:38)} 14. Bxd7 {(01:54)}
Bxd7 {(00:08)} 15. a4 {(05:02)} Nf5 {(05:23)} 16. O-O {
(00:15)} Qc7 {(02:43)} 17. Qd2 {(00:39)} Re4 {(00:
28)} 18. f3 {(05:04)} Rh4 {(00:03)} 19. g3 {(00:40)} Rh6 {
(00:43)} 20. Nf4 {(00:42)} Re8 {(05:21)} 21. Qd3 {(
09:11)} Qd8 {(02:21)} 22. Rfe1 {(01:00)} Rc6 {(00:55)} 23.
Bf2 {(01:01)} Ne7 {(01:54)} 24. Rad1 {(01:14)} Bf5 {
(00:25)} 25. Qe2 {(00:52)} Rc8 {(00:15)} 26. c4 {(
00:10)} Ng6 {(01:27)} 27. Qxe8+ {(03:22)} Qxe8 {(00:02)}
28. Rxe8+ {(00:08)} Rxe8 29. cxd5 {(01:00)} Bxc2 {(01:16)}
30. Rd4 {(00:04)} Nxf4 {(00:25)} 31. gxf4 {(00:14)} Bb3 {
(00:47)} 32. c6 {(03:49)} bxc6 {(00:27)} 33. dxc6 {
(00:15)} Kf8 {(00:33)} 34. c7 {(00:43)} Be6 {(00:
23)} 35. Rd6 {(00:27)} Rc8 {(00:40)} 36. Rd8+ {(00:45)}
Ke7 {(00:02)} 37. Bc5+ {(00:10)} Kf6 {(00:06)} 38. Bd6 {
(00:03)} Kf5 {(00:35)} 39. Kf2 {(00:17)} Kg6 {(00:
51)} 40. Ke3 {(00:00)} Kh5 {(00:00)} 41. Ke4 1-0

[Event "42nd Olympiad Baku 2016 Open"]
[Site "Baku"]
[Date "2016.09.06"]
[Round "5.26"]
[White "Forbes, Garry"]
[Black "Alkhaldi, Bader"]
[Result "0-1"]
[ECO "D02"]
[WhiteElo "1911"]
[BlackElo "1956"]
[Annotator ""]
[PlyCount "74"]
[EventDate "2016.??.??"]
[EventType "team-tourn"]
[EventCountry "AZE"]
[SourceTitle "playchess.com"]
[Source "ChessBase"]
[WhiteTeam "Channel Islands"]
[BlackTeam "Kuwait"]
[WhiteTeamCountry "JCI"]
[BlackTeamCountry "KUW"]
[TimeControl "40/5400+30:1800+30"]

1. d4 {(00:00)} d5 {(00:00)} 2. Nf3 {(00:00)} Nf6 {
(00:06)} 3. Bf4 {(00:00)} e6 {(01:17)} 4. e3 {(01:
42)} h6 {(00:15)} 5. h3 {(04:58)} Bd6 {(00:19)} 6. Bxd6 {
(03:53)} cxd6 {(01:09)} 7. c4 {(04:12)} O-O {(00:
30)} 8. Bd3 {(01:31)} b6 {(13:41)} 9. cxd5 {(04:14)} Nxd5
{(00:16)} 10. O-O {(00:15)} Bb7 {(00:27)} 11. Nc3 {
(00:26)} Nb4 {(03:56)} 12. Be2 {(00:32)} Nd7 {(00:
25)} 13. a3 {(01:00)} Nd5 {(02:16)} 14. Rc1 {(01:37)} a6 {
(09:23)} 15. Nxd5 {(02:27)} Bxd5 {(00:11)} 16. Qd2 {
(01:40)} b5 {(00:54)} 17. Qb4 {(01:07)} Nb8 {(20:
14)} 18. Rfd1 {(12:10)} Nc6 {(01:08)} 19. Qe1 {(07:25)}
Qb6 {(06:24)} 20. b4 {(01:34)} Ne7 {(03:46)} 21. Qc3 {
(06:56)} Rac8 {(01:02)} 22. Qb2 {(00:00)} Qb7 {(00:
55)} 23. Rxc8 {(09:04)} Nxc8 {(00:16)} 24. Rc1 {(05:52)}
Nb6 {(00:21)} 25. Ne1 {(06:36)} Rc8 {(06:50)} 26. Bf3 {
(04:07)} Rc4 {(01:47)} 27. Rxc4 {(04:30)} bxc4 {(
01:08)} 28. Bxd5 {(04:58)} Qxd5 {(00:08)} 29. Qc2 {(01:51]
} Qb5 {(01:12)} 30. Nf3 {(04:44)} Qc6 {(03:40)} 31. Nd2 {
(01:01)} Kf8 {(12:13)} 32. Qc3 {(01:04)} d5 {(00:
23)} 33. Kh2 {(01:01)} Qa4 {(00:51)} 34. e4 {(02:11)} Qd1
{(01:43)} 35. e5 {(01:02)} Na4 {(00:37)} 36. Qe3 {(
01:22)} c3 {(01:38)} 37. Ne4 {(00:37)} c2 {(02:28)} 0-1

[Event "42nd Olympiad Baku 2016 Open"]
[Site "Baku"]
[Date "2016.09.06"]
[Round "5.28"]
[White "Forster, Richard"]
[Black "Pasaribu, Ivan Maxmillian Put"]
[Result "1-0"]
[ECO "A05"]
[WhiteElo "2459"]
[BlackElo "1860"]
[Annotator ""]
[PlyCount "97"]
[EventDate "2016.??.??"]
[EventType "team-tourn"]
[EventCountry "AZE"]
[SourceTitle "playchess.com"]
[Source "ChessBase"]
[WhiteTeam "Switzerland"]
[BlackTeam "Indonesia"]
[WhiteTeamCountry "SUI"]
[BlackTeamCountry "INA"]
[TimeControl "40/5400+30:1800+30"]

1. Nf3 {(00:00)} Nf6 {(00:00)} 2. g3 {(00:00)} e6 {
(00:27)} 3. Bg2 {(00:00)} Be7 {(00:29)} 4. O-O {(
00:00)} d5 {(00:13)} 5. d3 {(00:25)} O-O {(02:24)} 6. Nbd2
{(00:40)} Nc6 {(03:55)} 7. d4 {(07:58)} Ne4 {(12:
56)} 8. c4 {(01:15)} Nxd2 {(04:06)} 9. Qxd2 {(08:26)} dxc4
{(09:27)} 10. Rd1 {(11:19)} Rb8 {(11:19)} 11. Qc3 {
(08:49)} b5 {(06:31)} 12. a4 {(00:21)} a6 {(06:16)}
13. axb5 {(00:24)} axb5 {(00:04)} 14. b3 {(04:15)} Bb4 {
(03:05)} 15. Qc2 {(01:08)} cxb3 {(01:04)} 16. Qxb3 {
(01:26)} Be7 {(09:01)} 17. e4 {(06:49)} Bb7 {(12:
11)} 18. Bb2 {(11:53)} Nb4 {(04:24)} 19. Ba3 {(10:54)} Nc6
{(00:21)} 20. d5 {(03:09)} exd5 {(02:45)} 21. exd5 {
(00:26)} Na5 {(03:15)} 22. Qxb5 {(02:19)} Bxa3 {(
00:32)} 23. Rxa3 {(05:06)} Nc6 {(00:05)} 24. Rad3 {(00:40]
} Ne7 {(00:10)} 25. Ne5 {(01:44)} Qd6 {(04:38)} 26. Nc4 {
(07:43)} Qa6 {(00:24)} 27. Qc5 {(00:40)} Ng6 {(00:
49)} 28. h4 {(02:50)} Rfe8 {(01:08)} 29. Ra3 {(01:00)} Qf6
{(00:22)} 30. Qxc7 {(00:57)} Rec8 {(01:11)} 31. Qd6 {
(00:12)} Qxd6 {(00:59)} 32. Nxd6 {(00:02)} Rd8 {(
00:08)} 33. Nc4 {(01:14)} Bc8 {(00:17)} 34. Ra7 {(01:20)}
Kf8 {(01:11)} 35. Na5 {(00:20)} Bg4 {(00:35)} 36. Rd4 {
(00:54)} Rb1+ {(00:28)} 37. Kh2 {(00:13)} Ne5 {(00:
05)} 38. Rf4 {(00:54)} Bd7 {(00:42)} 39. Nc6 {(01:00)}
Bxc6 {(00:35)} 40. dxc6 {(00:00)} Rc1 {(00:00)} 41. Rc7 {
(06:37)} h5 {(02:50)} 42. Be4 {(04:43)} Rd4 {(15:
55)} 43. Kg2 {(08:41)} Rcc4 {(04:55)} 44. Rb7 {(03:40)} g5
{(05:02)} 45. hxg5 {(01:36)} Kg7 {(00:06)} 46. c7 {
(04:45)} Rd7 {(02:08)} 47. Rf5 {(00:41)} Ng6 {(01:
29)} 48. c8=Q {(00:44)} Rxc8 {(00:06)} 49. Rxd7 {(00:08)}
1-0

[Event "42nd Olympiad Baku 2016 Open"]
[Site "Baku"]
[Date "2016.09.06"]
[Round "5.10"]
[White "Frick, Renato"]
[Black "Khalema, Sechaba"]
[Result "1/2-1/2"]
[ECO "C70"]
[WhiteElo "2000"]
[BlackElo "1754"]
[Annotator ""]
[PlyCount "96"]
[EventDate "2016.??.??"]
[EventType "team-tourn"]
[EventCountry "AZE"]
[SourceTitle "playchess.com"]
[Source "ChessBase"]
[WhiteTeam "Liechtenstein"]
[BlackTeam "Lesotho"]
[WhiteTeamCountry "LIE"]
[BlackTeamCountry "LES"]
[TimeControl "40/5400+30:1800+30"]

1. e4 {(04:52)} e5 {(02:48)} 2. Nf3 {(00:43)} Nc6 {
(02:34)} 3. Bb5 {(00:26)} a6 {(06:31)} 4. Ba4 {(00:
21)} Nge7 {(02:37)} 5. Nc3 {(00:32)} g6 {(00:45)} 6. d4 {
(05:12)} exd4 {(03:37)} 7. Nxd4 {(00:07)} Bg7 {(00:
07)} 8. Be3 {(00:17)} Ne5 {(03:11)} 9. Bb3 {(07:44)} d6 {
(00:36)} 10. Qe2 {(24:57)} Ng4 {(18:51)} 11. O-O-O {
(01:12)} Nxe3 {(08:14)} 12. Qxe3 {(00:25)} Nc6 {(
00:19)} 13. Nxc6 {(10:01)} bxc6 {(00:28)} 14. e5 {(04:24)}
O-O {(04:39)} 15. exd6 {(04:14)} cxd6 {(00:15)} 16. Qg3 {
(00:24)} d5 {(00:47)} 17. h4 {(05:26)} h5 {(05:17)}
18. Ne4 {(08:53)} Bf5 {(01:56)} 19. Ng5 {(05:52)} Qf6 {
(04:39)} 20. c3 {(00:25)} a5 {(00:54)} 21. Ba4 {(
01:39)} Bh6 {(02:10)} 22. Rhe1 {(01:30)} Bg4 {(00:26)} 23.
Rd2 {(00:27)} Rfe8 {(00:30)} 24. f3 {(00:27)} Bf5 {
(00:23)} 25. Rde2 {(01:01)} Rxe2 {(04:44)} 26. Rxe2 {
(00:06)} c5 {(00:07)} 27. Qf4 {(01:42)} Bg7 {(02:
00)} 28. g4 {(00:43)} hxg4 {(02:40)} 29. fxg4 {(00:15)}
Bd3 {(00:21)} 30. Qxf6 {(03:32)} Bxf6 {(00:14)} 31. Re8+ {
(02:15)} Rxe8 {(00:29)} 32. Bxe8 {(00:02)} Bxg5+ {(
00:10)} 33. hxg5 {(00:02)} Kf8 {(00:35)} 34. Bc6 {(00:41)}
d4 {(00:15)} 35. Kd2 {(01:37)} Bf1 {(00:42)} 36. cxd4 {
(01:04)} cxd4 {(00:08)} 37. Bf3 {(00:27)} Ke7 {(00:
09)} 38. Be2 {(00:02)} Bxe2 {(04:48)} 39. Kxe2 {(00:02)}
f5 {(00:09)} 40. gxf5 {(00:00)} gxf5 {(00:00)} 41. Kd3 {
(03:08)} Kf7 {(00:18)} 42. Kxd4 {(02:45)} Kg6 {(01:
43)} 43. Ke3 {(00:35)} Kxg5 {(00:18)} 44. Kf3 {(00:17)} f4
{(00:43)} 45. b3 {(00:05)} Kf5 {(00:18)} 46. a3 {(
00:29)} Ke5 {(00:06)} 47. b4 {(00:48)} axb4 48. axb4 Kd5 {
Ke4+ Ke5+} 1/2-1/2

[Event "42nd Olympiad Baku 2016 Open"]
[Site "Baku"]
[Date "2016.09.06"]
[Round "5.17"]
[White "Ftacnik, Lubomir"]
[Black "Ghaem Maghami, Ehsan"]
[Result "1/2-1/2"]
[ECO "A13"]
[WhiteElo "2548"]
[BlackElo "2566"]
[Annotator ""]
[PlyCount "88"]
[EventDate "2016.??.??"]
[EventType "team-tourn"]
[EventCountry "AZE"]
[SourceTitle "playchess.com"]
[Source "ChessBase"]
[WhiteTeam "Slovakia"]
[BlackTeam "Iran"]
[WhiteTeamCountry "SVK"]
[BlackTeamCountry "IRI"]
[TimeControl "40/5400+30:1800+30"]

1. Nf3 {(00:00)} Nf6 {(00:00)} 2. c4 {(00:00)} e6 {
(00:00)} 3. g3 {(00:47)} d5 {(01:11)} 4. Bg2 {(01:
05)} dxc4 {(01:41)} 5. Qa4+ {(00:53)} c6 {(00:24)} 6. Qxc4
{(00:14)} b5 {(00:06)} 7. Qc2 {(01:02)} Bb7 {(00:
08)} 8. a4 {(09:14)} Nbd7 {(17:15)} 9. O-O {(01:46)} Rc8 {
(02:06)} 10. d3 {(08:14)} Be7 {(05:39)} 11. Nbd2 {(
02:52)} Nb6 {(01:19)} 12. b3 {(02:50)} O-O {(04:11)} 13.
Bb2 {(00:17)} Nbd5 {(02:25)} 14. Rfc1 {(08:38)} a6 {
(01:54)} 15. Ne5 {(03:49)} c5 {(07:02)} 16. Qd1 {(
06:00)} Qb6 {(03:30)} 17. Ndf3 {(08:09)} Nb4 {(08:50)} 18.
Nd2 {(03:04)} Bxg2 {(00:14)} 19. Kxg2 {(00:06)} Qb7+ {
(04:03)} 20. Kg1 {(00:29)} Nfd5 {(02:59)} 21. Qf1 {
(01:51)} f6 {(04:35)} 22. Nef3 {(01:14)} e5 {(00:
51)} 23. Qh3 {(03:06)} Rfd8 {(04:21)} 24. axb5 {(09:58)}
axb5 {(00:26)} 25. Ne4 {(00:28)} Rc6 {(04:28)} 26. Ra5 {
(04:04)} Nc7 {(02:56)} 27. Ne1 {(11:21)} c4 {(02:
45)} 28. bxc4 {(02:12)} bxc4 {(00:14)} 29. dxc4 {(05:47)}
Ra6 {(02:50)} 30. Qg2 {(00:41)} Rb8 {(03:26)} 31. Rxa6 {
(00:38)} Qxa6 {(00:11)} 32. Ra1 {(01:59)} Qxc4 {(
00:27)} 33. Qf3 {(01:01)} Ne6 {(05:16)} 34. Nd2 {(00:56)}
Qd5 {(01:12)} 35. Qxd5 {(00:36)} Nxd5 {(00:05)} 36. Nd3 {
(00:25)} Nb4 {(00:50)} 37. Nxb4 {(00:26)} Bxb4 {(
00:08)} 38. Nf1 {(01:44)} h5 {(00:37)} 39. h4 {(00:32)}
Bc5 {(00:25)} 40. Ra2 {(00:00)} Kf7 {(00:00)} 41. Kg2 {
(03:07)} Kg6 {(03:22)} 42. Bc1 {(05:55)} Rb1 {(01:
39)} 43. Be3 {(00:14)} Bxe3 {(01:27)} 44. Nxe3 {(00:25)}
Nd4 {(00:41)} 1/2-1/2

[Event "42nd Olympiad Baku 2016 Open"]
[Site "Baku"]
[Date "2016.09.06"]
[Round "5.27"]
[White "Garcia Guerrero, Isaac Antonio"]
[Black "Paiva, Donaldo"]
[Result "1-0"]
[ECO "A45"]
[WhiteElo "2308"]
[BlackElo "2164"]
[Annotator ""]
[PlyCount "57"]
[EventDate "2016.??.??"]
[EventType "team-tourn"]
[EventCountry "AZE"]
[SourceTitle "playchess.com"]
[Source "ChessBase"]
[WhiteTeam "Mexico"]
[BlackTeam "Mozambique"]
[WhiteTeamCountry "MEX"]
[BlackTeamCountry "MOZ"]
[TimeControl "40/5400+30:1800+30"]

1. d4 {(00:00)} Nf6 {(00:00)} 2. Bg5 {(00:00)} Ne4 {
(00:00)} 3. Bf4 {(00:00)} c5 {(00:00)} 4. f3 {(00:
04)} Qa5+ {(00:00)} 5. c3 {(00:08)} Nf6 {(00:07)} 6. d5 {
(01:35)} Qb6 {(01:49)} 7. e4 {(00:07)} Qxb2 {(00:
59)} 8. Nd2 {(00:08)} Qxc3 {(03:20)} 9. Bc7 {(00:12)} d6 {
(18:24)} 10. Rb1 {(01:13)} Qe3+ {(04:52)} 11. Ne2 {
(00:22)} Na6 {(00:08)} 12. Nc4 {(05:46)} Qh6 {(00:
06)} 13. Ba5 {(00:32)} g5 {(06:14)} 14. Ng3 {(07:38)} Bg7
{(05:51)} 15. e5 {(11:49)} dxe5 {(00:40)} 16. d6 {(
01:30)} O-O {(01:09)} 17. dxe7 {(04:14)} Re8 {(00:06)} 18.
Nd6 {(02:32)} Be6 {(04:08)} 19. Nxe8 {(08:07)} Rxe8 {
(00:12)} 20. Rxb7 {(01:03)} Nb4 {(07:51)} 21. Bxb4 {
(01:38)} cxb4 {(00:15)} 22. Bb5 {(00:28)} g4 {(01:
41)} 23. Bxe8 {(10:54)} Qe3+ {(00:43)} 24. Ne2 {(00:17)}
gxf3 {(00:59)} 25. Bb5 {(02:22)} h5 {(02:04)} 26. Rb8+ {
(01:47)} Kh7 {(00:11)} 27. Qd3+ {(00:22)} Qxd3 {(
00:23)} 28. Bxd3+ {(00:10)} Kh6 {(00:08)} 29. gxf3 {(00:
43)} 1-0